AoeStats
← Kiritastrich

Arabia

513795038Analyzed
1v1 RM · 4d ago on Oct 15, 2026· 22m 9s· 2 players
Game mode
Random Map
Map size
Tiny (2 player)
Population
200
Speed
Normal
Resources
Standard
Victory
Conquest
Starting age
Dark Age
Ending age
Imperial Age
RankedLock teamsTeams togetherTeam positionsShared explorationLock speedFull tech treeHidden civsTurbo modeCheats
Victory
Defeat
🇦🇷 Slavs · Argentina
1953
+12
vs
🇷🇺 Mapuche · Russia
1872
-12
Kiritastrich
5:51 Loom
8:56 Feudal Age
9:31 Double-Bit Axe
14:56 Wheelbarrow
17:04 Fletching
17:27 Padded Archer Armor
19:44 Horse Collar
22:49 Castle Age
★ DrumM ❿
6:20 Loom
8:53 Feudal Age
9:02 Man-at-Arms
10:20 Double-Bit Axe
11:36 Horse Collar
19:35 Castle Age
17:38 Fletching
18:20 Padded Archer Armor
19:38 Elite Skirmisher
20:20 Bodkin Arrow
20:36 Bow Saw
20:39 Heavy Plow
21:11 Elite Skirmisher
Connection lost

Rejoining the realm…

Still unreachable

The connection could not be restored.

Session expired

The server has moved on; the page needs a fresh start.